Map: Oxide LE

Players

DPGDark (Dark)

  • Race: Zerg Zerg
  • League: Master

Zoun - Winner!

  • Race: Protoss Protoss

Event: TSL 7

VOD

Have the link to the VOD?

Description

Time

  • Played on: June 12, 2021, 8:44 a.m.
  • Length: 19:01

All games in this series

Show
View Real Time Build Order
Export as new Build Order

DPGDark Zerg 

Build Orders: Hatch First, Lurkers 

Get SALT Encoding   

  12  0:00  Drone  
  13  0:12  Overlord  
  13  0:17  Drone  
  14  0:31  Drone x2  
  17  0:35  Drone  
  17  0:45  Drone  
  18  0:56  Drone  
  19  1:01  Hatchery  
  19  1:02  Extractor  
  17  1:14  Spawning Pool  
  17  1:17  Drone  
  17  1:20  Drone  
  18  1:28  Drone  
  19  1:39  Drone  
  20  1:52  Hatchery  
  19  1:54  Drone  
  20  2:02  Metabolic Boost  
  20  2:05  Zergling x2  
  21  2:13  Queen  
  23  2:15  Drone  
  23  2:19  Drone  
  25  2:27  Overlord  
  25  2:31  Drone  
  25  2:35  Drone  
  27  2:40  Zergling x2  
  28  2:44  Queen  
  28  2:45  Zergling x2  
  28  2:47  Drone  
  32  2:52  Queen  
  32  2:54  Drone  
  32  2:57  Drone  
  36  3:05  Drone x2  
  38  3:08  Queen  
  40  3:14  Overlord  
  40  3:16  Drone  
  41  3:20  Drone  
  41  3:25  Overlord  
  42  3:32  Drone x3  
  42  3:33  Spore Crawler  
  44  3:36  Spore Crawler  
  44  3:38  Drone x2  
  44  3:39  Drone  
  46  3:43  Queen  
  48  3:49  Zergling x2  
  48  3:50  Lair  
  48  3:52  Drone  
  48  3:54  Drone  
  48  3:55  Drone  
  52  4:00  Drone  
  52  4:01  Drone  
  52  4:02  Drone x2  
  55  4:06  Extractor, Overlord  
  55  4:09  Drone x2  
  56  4:17  Drone x2  
  56  4:18  Overlord  
  56  4:19  Overlord  
  58  4:27  Overlord  
  58  4:29  Extractor, Drone, Spore Crawler  
  58  4:30  Drone  
  58  4:32  Extractor, Drone  
  58  4:37  Drone x4  
  63  4:38  Drone  
  63  4:41  Drone  
  63  4:45  Drone  
  65  4:50  Hydralisk Den  
  63  4:53  Drone  
  63  4:55  Drone  
  63  4:56  Drone x2  
  63  4:59  Zergling x10  
  72  5:03  Zergling x2  
  72  5:04  Extractor, Zergling x4  
  74  5:08  Drone x3  
  74  5:10  Overlord  
  76  5:21  Grooved Spines  
  76  5:23  Hydralisk x2  
  76  5:28  Hydralisk  
  80  5:30  Hydralisk x3  
  80  5:35  Drone  
  89  5:38  Overlord x3  
  89  5:52  Overlord  
  89  5:55  Hydralisk x2  
  89  5:56  Hydralisk x4  
  101  6:02  Zergling x8  
  105  6:13  Zergling x10  
  110  6:20  Hydralisk x4  
  114  6:27  Hydralisk x2  
  114  6:30  Zergling x4  
  111  6:46  Hydralisk x4  
  108  6:57  Drone x4  
  109  7:05  Drone x2  
  107  7:22  Muscular Augments  
  102  7:36  Drone x6  
  105  7:49  Hatchery  
  104  7:56  Extractor  
  103  7:59  Lurker Den  
  102  8:11  Hydralisk x2  
  106  8:15  Drone x7  
  112  8:29  Zergling x2  
  112  8:30  Zergling x4  
  112  8:32  Overlord x4  
  115  8:51  Drone  
  115  8:52  Drone x2  
  118  8:56  Hydralisk  
  118  8:58  Zergling x8  
  124  9:03  Lurker x5  
  124  9:04  Lurker x2  
  124  9:05  Zergling x6  
  134  9:12  Lurker  
  134  9:13  Zergling x4  
  134  9:16  Zergling x4  
  139  9:19  Zergling x2  
  139  9:21  Lurker  
  141  9:25  Zergling x2  
  141  9:26  Zergling x8  
  141  9:28  Zergling x4  
  141  9:29  Lair  
  147  9:34  Drone x2  
  147  9:35  Drone  
  147  9:37  Hatchery  
  149  9:45  Lurker x3  
  151  10:07  Hydralisk  
  151  10:08  Drone  
  152  10:15  Drone  
  152  10:16  Overlord x3  
  153  10:22  Hatchery  
  153  10:23  Overlord  
  153  10:27  Overseer  
  152  10:32  Overlord x2  
  152  10:35  Hydralisk x3  
  152  10:36  Hydralisk x2  
  152  10:37  Zergling x16  
  152  10:38  Lurker x5  
  175  10:44  Zergling x2  
  175  10:46  Hydralisk  
  178  10:51  Zergling x4  
  181  11:06  Hatchery  
  181  11:08  Zergling x2  
  181  11:09  Zergling x12  
  172  11:22  Hydralisk x3  
  172  11:24  Hydralisk  
  172  11:25  Hydralisk x8  
  156  11:31  Hydralisk  
  135  11:34  Hydralisk  
  135  11:36  Hydralisk  
  139  11:42  Hydralisk  
  139  11:43  Zergling x2  
  103  11:58  Hydralisk x4  
  105  12:05  Lurker  
  105  12:06  Lurker x2  
  105  12:07  Zergling x2  
  105  12:08  Zergling x2  
  110  12:11  Drone, Queen x3  
  110  12:15  Drone  
  118  12:17  Drone  
  118  12:18  Lurker  
  118  12:19  Zergling x4  
  122  12:25  Zergling x2  
  122  12:26  Lurker  
  122  12:27  Hydralisk  
  126  12:33  Hydralisk x2  
  126  12:35  Zergling x2  
  131  12:37  Hydralisk  
  131  12:41  Zergling x4  
  135  12:53  Hydralisk x4  
  136  13:02  Hydralisk x3  
  134  13:06  Hydralisk  
  134  13:11  Hydralisk  
  117  13:14  Hydralisk x2  
  100  13:25  Hydralisk x3  
  105  13:30  Hydralisk  
  105  13:31  Hydralisk  
  108  13:34  Drone x3  
  110  13:46  Hydralisk x3  
  112  13:52  Hydralisk  
  108  14:04  Hydralisk x2  
  108  14:05  Hydralisk x4  
  119  14:15  Hydralisk  
  116  14:22  Hydralisk x2  
  107  14:25  Hydralisk x2  
  107  14:26  Hydralisk  
  107  14:30  Hydralisk  
  109  14:37  Drone x3  
  112  14:40  Drone  
  112  14:42  Overseer  
  113  14:47  Lurker x3  
  113  14:48  Lurker  
  113  14:50  Lurker  
  118  14:57  Drone x3  
  121  15:11  Hatchery  
  120  15:21  Lurker x4  
  120  15:22  Lurker  
  125  15:38  Hydralisk x5  
  132  15:59  Hydralisk x6  
  142  16:05  Hatchery  
  142  16:11  Lurker x2  
  141  16:17  Infestation Pit  
  140  16:20  Drone x5  
  140  16:21  Drone  
  140  16:22  Drone x2  
  148  16:31  Drone  
  149  16:36  Evolution Chamber  
  148  16:42  Lurker x3  
  148  16:44  Lurker  
  148  16:45  Hydralisk x2  
  156  16:51  Hydralisk x2  
  156  16:52  Hydralisk  
  162  16:55  Drone  
  163  17:01  Drone x2  
  163  17:03  Extractor x2, Pathogen Glands  
  159  17:28  Hydralisk x3  
  156  17:31  Hydralisk x3  
  156  17:36  Hydralisk  
  156  17:37  Hydralisk  
  132  17:51  Hydralisk x6  
  114  18:07  Hydralisk x4  
  100  18:26  Drone  
  101  18:27  Drone  
  101  18:31  Hatchery, Drone  
  102  18:34  Drone  
  102  18:39  Drone  
Show
View Real Time Build Order
Export as new Build Order

Zoun Protoss - Winner!

Build Orders: 1 Gate Expand, Oracle Opening, Zealot Archon, Archon Drop 

Get SALT Encoding   

  12  0:00  Probe  
  13  0:12  Probe  
  14  0:19  Pylon  
  14  0:24  Probe  
  15  0:37  Probe (Chrono Boost)  
  15  0:39  Gateway  
  16  0:46  Probe (Chrono Boost)  
  16  0:48  Assimilator  
  17  0:51  Probe (Chrono Boost)  
  18  1:03  Probe  
  19  1:16  Probe  
  20  1:25  Nexus  
  20  1:36  Cybernetics Core  
  20  1:39  Probe  
  21  1:48  Assimilator  
  21  1:51  Probe  
  22  1:57  Pylon  
  22  2:03  Probe  
  23  2:12  Adept (Chrono Boost), Warp Gate  
  25  2:16  Probe  
  26  2:25  Stargate  
  26  2:28  Probe  
  27  2:33  Adept (Chrono Boost)  
  29  2:39  Probe (Chrono Boost)  
  31  2:45  Probe (Chrono Boost)  
  31  2:50  Probe (Chrono Boost)  
  32  2:54  Probe x2 (Chrono Boost)  
  34  3:04  Probe  
  35  3:06  Probe, Oracle (Chrono Boost)  
  39  3:14  Gateway  
  39  3:16  Probe  
  40  3:20  Adept  
  40  3:22  Probe  
  40  3:25  Pylon  
  43  3:29  Probe  
  44  3:34  Void Ray (Chrono Boost)  
  44  3:35  Probe  
  44  3:39  Pylon  
  45  3:44  Probe  
  45  3:47  Probe  
  45  3:48  Assimilator x2  
  51  3:56  Probe  
  51  3:59  Probe  
  53  4:05  Twilight Council  
  53  4:08  Probe  
  54  4:10  Robotics Facility  
  54  4:11  Probe  
  55  4:20  Probe  
  56  4:29  Probe  
  57  4:32  Nexus  
  57  4:36  Gateway  
  57  4:37  Charge (Chrono Boost), Gateway  
  57  4:44  Templar Archives  
  57  4:47  Probe, Pylon  
  57  4:49  Probe  
  59  4:53  Warp Prism (Chrono Boost)  
  61  5:02  Pylon  
  61  5:03  Probe  
  62  5:15  Gateway  
  62  5:16  Gateway  
  62  5:27  Probe x2, Pylon  
  62  5:28  Shield Battery  
  64  5:34  High Templar  
  64  5:35  High Templar x3  
  70  5:39  Probe  
  70  5:40  Probe  
  74  5:49  Forge  
  74  5:50  Probe  
  74  5:51  Probe  
  74  5:52  Probe  
  74  5:54  Archon  
  74  5:55  Archon  
  77  6:03  Probe x2  
  79  6:04  Probe  
  79  6:10  Pylon  
  80  6:16  Zealot x6  
  92  6:22  Probe  
  92  6:24  Probe x2, Void Ray  
  95  6:30  Immortal (Chrono Boost)  
  95  6:32  Shield Battery  
  91  6:33  Shield Battery  
  91  6:34  Pylon  
  90  6:44  Stalker x4  
  84  6:54  Zealot x2  
  83  7:02  Immortal  
  83  7:06  Protoss Ground Weapons Level 1  
  85  7:19  Pylon  
  85  7:21  Pylon  
  81  7:22  Pylon  
  81  7:24  Zealot x2  
  81  7:37  Probe x2  
  81  7:38  Pylon  
  81  7:40  High Templar x2, Pylon  
  87  7:44  Archon, High Templar  
  87  7:45  High Templar, Psionic Storm  
  87  7:46  Sentry  
  87  7:48  Archon  
  87  7:50  Nexus  
  93  7:52  Probe x2, Pylon  
  95  8:04  Probe  
  95  8:05  Probe  
  97  8:11  Shield Battery  
  97  8:13  Shield Battery  
  97  8:17  Probe x2  
  97  8:19  High Templar  
  101  8:28  Assimilator  
  101  8:29  Probe x2  
  101  8:30  High Templar, Assimilator  
  101  8:31  Pylon  
  105  8:37  Gateway  
  105  8:41  Probe x2  
  104  8:42  Gateway  
  104  8:44  High Templar  
  106  8:50  Zealot  
  108  8:57  High Templar  
  108  9:01  Gateway x2  
  110  9:06  Observer (Chrono Boost)  
  110  9:07  Zealot x2  
  115  9:14  Zealot x2  
  119  9:21  High Templar  
  121  9:30  High Templar  
  123  9:31  Zealot  
  123  9:32  Zealot x3  
  123  9:34  Archon  
  123  9:35  Zealot  
  133  9:44  Zealot  
  135  9:52  High Templar x2, Zealot x2  
  143  9:56  Archon  
  143  9:57  Immortal (Chrono Boost)  
  145  10:01  Zealot x4  
  145  10:05  Zealot  
  145  10:06  Zealot  
  155  10:13  Photon Cannon  
  153  10:15  Fleet Beacon  
  153  10:18  Zealot x2  
  157  10:26  Pylon  
  157  10:27  Pylon  
  157  10:29  Protoss Ground Weapons Level 2  
  157  10:30  Stargate  
  157  10:44  Observer  
  157  10:45  Zealot x5  
  157  10:46  Zealot  
  170  10:57  Pylon  
  170  10:59  Pylon  
  166  11:15  Oracle (Chrono Boost)  
  159  11:30  Archon x2  
  132  11:33  Zealot x10  
  132  11:39  Carrier (Chrono Boost)  
  106  11:59  Observer (Chrono Boost)  
  92  12:02  High Templar x4  
  92  12:05  Carrier (Chrono Boost)  
  106  12:15  Observer (Chrono Boost)  
  107  12:24  Sentry  
  107  12:26  Pylon, Nexus  
  107  12:29  Carrier (Chrono Boost)  
  115  12:32  High Templar x2, Zealot  
  115  12:35  Archon, Immortal (Chrono Boost)  
  121  12:40  Probe x3  
  126  12:44  Zealot x3  
  129  12:52  Probe  
  123  13:03  High Templar x2  
  123  13:04  Zealot x3  
  123  13:05  Archon  
  130  13:10  Archon x2  
  130  13:12  Zealot x3  
  125  13:18  High Templar  
  107  13:31  Zealot x4  
  113  13:38  High Templar  
  113  13:39  High Templar  
  109  13:44  Zealot x3  
  113  13:58  High Templar x2  
  117  14:06  Observer (Chrono Boost)  
  107  14:30  High Templar x3  
  103  14:36  Shield Battery  
  103  14:37  Shield Battery  
  97  14:38  Assimilator  
  97  14:40  Zealot x5  
  97  14:41  Zealot x2  
  97  14:42  Assimilator  
  111  14:50  Immortal (Chrono Boost)  
  115  14:54  Pylon  
  115  15:11  High Templar  
  115  15:12  High Templar  
  119  15:20  Nexus  
  119  15:25  Pylon  
  119  15:35  Immortal (Chrono Boost)  
  123  15:44  Observer  
  117  15:57  Carrier (Chrono Boost)  
  119  16:06  High Templar x2  
  123  16:11  Archon, Shield Battery  
  123  16:12  Photon Cannon, Sentry  
  125  16:19  Oracle (Chrono Boost)  
  128  16:32  Photon Cannon, Protoss Air Weapons Level 1 (Chrono Boost)  
  128  16:37  Probe x3  
  131  16:45  High Templar  
  131  16:46  High Templar  
  135  16:51  Archon  
  135  16:54  Probe x4  
  138  17:00  Assimilator x2  
  139  17:06  Probe  
  140  17:11  High Templar x2  
  144  17:36  Carrier (Chrono Boost)  
  144  17:39  Zealot x2  
  122  18:06  Observer  
  113  18:13  High Templar  
  113  18:14  High Templar, Zealot x8  
  117  18:35  Zealot x8  
  133  18:49  Shield Battery  
  133  18:50  Pylon  
Tags
 
Add a new tag
Caveats
  • Supply blocks, unpowered buildings, or Contaminate may cause inaccurate times.
  • Supply counts are checked every 10 seconds.